 Dungeon Crawl Stone Soup version 0.31-a0-704-g1016066182 (webtiles) character file.

Game seed: 12992536056892388798

886 Ordine the Ruffian (level 8, -7/78 HPs)
             Began as an Octopode Shapeshifter on Sept 8, 2023.
             Mangled by an iguana (10 damage)
             ... on level 5 of the Dungeon.
             The game lasted 00:09:46 (4298 turns).

Ordine the Ruffian (Octopode Shapeshifter)          Turns: 4298, Time: 00:09:46

Health: -7/78      AC: 24    Str: 15    XL:     8   Next: 5%
Magic:  8/8        EV:  2    Int: 13    God:
Gold:   203        SH:  0    Dex: 11    Spells: 7/7 levels left

rFire   . .          .
                       - Unarmed
rCold   . . .        (no shield)
rNeg    . . .        (helmet currently unavailable)
rPois   +            (no amulet)
rElec   .            (no ring)
rCorr   .            (no ring)
SInv    .            (no ring)
Will    .....        (no ring)
Stlth   +++          (no ring)
HPRegen 0.33/turn    (no ring)
MPRegen 0.11/turn    (no ring)
                     (no ring)

%: no passive effects
@: tree-form
A: stationary, stasis, torment immunity, boosted hp, almost no armour,
(amphibious), 8 rings, (camouflage 1), (gelatinous body 1), (nimble swimmer 1),
(tentacles)
a: no special abilities


You were on level 5 of the Dungeon.
You were a tree.
You visited 1 branch of the dungeon, and saw 5 of its levels.

You collected 203 gold pieces.

Inventory:

Talismans
 b - a beast talisman
 c - a flux talisman
Wands
 o - a wand of mindburst (11)
Scrolls
 d - a scroll of fog {unknown}
 e - 2 scrolls of immolation {unknown}
 f - a scroll of vulnerability {unknown}
 g - a scroll of poison {unknown}
 i - 2 scrolls of identify {unknown}
 j - 2 scrolls of teleportation {unknown}
 l - a scroll of amnesia {unknown}
 m - a scroll of fear {unknown}
 n - a scroll of silence {unknown}
 p - a scroll of blinking {unknown}
Potions
 h - a potion of enlightenment {unknown}
 k - 2 potions of mutation {unknown}


   Skills:
 + Level 3.4 Fighting
 + Level 4.1 Dodging
 + Level 4.8 Stealth
 * Level 5.9 Unarmed Combat
 + Level 4.4 Shapeshifting


You had 7 spell levels left.
You didn't know any spells.
Your spell library contained the following spells:

 Spells                   Type           Power      Damage    Failure   Level
 Cigotuvi's Dreadful Rot  Necr/Pois/Air  0%         N/A       43%         2
 Ignite Poison            Fire/Tmut/Pois 0%         N/A       67%         3
 Freezing Cloud           Conj/Ice/Air   0%         6-21      100%        5


Dungeon Overview and Level Annotations

Branches:
Dungeon (5/15)
 Temple: D:4-7

Altars:
Qazlal
Sif Muna
Yredelemnul

Shops:
D:1 =


Innate Abilities, Weirdness & Mutations

You are a tree.
Your roots penetrate the ground, keeping you stationary.
You cannot be teleported.
You are immune to unholy pain and torment.
Your maximum health is greatly increased.
You cannot wear most types of armour.
((You are amphibious.))
You can wear up to eight rings at the same time.
((Your skin changes colour to match your surroundings (Stealth+).))
((Your rubbery body absorbs attacks. (AC +1, EV +1)))
((You are camouflaged when in or above water. (Stealth+)))
((You have tentacles for arms and can constrict up to eight enemies at once.))


Message History

Something hits you. Something shocks you. Something hits you.
Something shocks you. Something hits you. Something shocks you.
You tentacle-slap something. Your squeeze misses something.
The iguana hisses angrily.
A shadow imp comes into view.
Something hits you. Something shocks you.
You barely miss something. Your squeeze misses something.
Something barely misses you.
You tentacle-slap something. You squeeze something.
The iguana completely misses you. Something hits you.
* * * LOW HITPOINT WARNING * * *
Something shocks you.
* * * LOW HITPOINT WARNING * * *
Your transformation has ended.
You turn into a tree.
Your roots penetrate the ground.
The iguana bites you but does no damage.
A sky beast appears from thin air!
Reactivating autopickup.
The sky beast hits you but does no damage.
You smack the sky beast!
The sky beast is severely wounded.
The iguana hisses menacingly.
The iguana bites you.
* * * LOW HITPOINT WARNING * * *
The shadow imp hits you but does no damage.
The sky beast hits you.
* * * LOW HITPOINT WARNING * * *
The sky beast shocks you.
* * * LOW HITPOINT WARNING * * *
Unknown command.
You barely miss the sky beast.
The sky beast is severely wounded.
The iguana bites you but does no damage.
The shadow imp hits you but does no damage.
The sky beast hits you but does no damage.
You pummel the sky beast!!
You kill the sky beast!
The iguana bites you!
You die...

...# ...#
######...####
.............
............
..........
##l5.....##
#.♣.......#
#.†.......#
#.....>...##
##.........####
#.# ##.....##....
... ##...###..#
#.#
#....##..#####<#
#...........##.#
#....#.##..##.##.#


You could see an iguana and a shadow imp.

Vanquished Creatures
  Eustachio (D:4)
  An ice beast (D:5)
  A sky beast (D:5)
  A black bear (D:4)
  A phantom (D:4)
  2 scorpions
  Crazy Yiuf (D:4)
  A hound (D:5)
  An iguana (D:4)
  Robin (D:4)
  4 gnolls (D:3)
  11 adders
  An ufetubus (D:5)
  3 worms
  4 dart slugs
  5 orcs
  4 endoplasms
  5 giant cockroaches
  16 goblins
  10 hobgoblins
  8 jackals
  10 quokkas
  8 ball pythons
  2 bats (D:1)
  3 frilled lizards
  12 kobolds
  6 rats
123 creatures vanquished.

Notes
Turn   | Place    | Note
-------+----------+-------------------------------------------
     0 | D:1      | Ordine the Octopode Shapeshifter began the quest for the
                  | Orb.
     0 | D:1      | Reached XP level 1. HP: 13/13 MP: 1/1
    15 | D:1      | Found Vowkoq's Jewellery Boutique.
    18 | D:1      | You fall into a shaft and drop 1 floor!
   150 | D:2      | Reached XP level 2. HP: 18/18 MP: 2/2
   165 | D:2      | Reached skill level 1 in Stealth
   473 | D:1      | Reached XP level 3. HP: 23/23 MP: 3/3
   894 | D:2      | Reached XP level 4. HP: 28/28 MP: 4/4
  1644 | D:3      | Found a stormy altar of Qazlal.
  1872 | D:3      | Reached skill level 4 in Unarmed Combat
  1872 | D:3      | Reached XP level 5. HP: 30/34 MP: 5/5
  2493 | D:4      | Noticed a black bear
  2497 | D:4      | Noticed Eustachio
  2502 | D:4      | Killed a black bear
  2503 | D:4      | Reached XP level 6. HP: 15/40 MP: 6/6
  2765 | D:4      | Found a basalt altar of Yredelemnul.
  2952 | D:4      | Found a shimmering blue altar of Sif Muna.
  2969 | D:4      | Killed Eustachio
  2970 | D:4      | Reached skill level 5 in Unarmed Combat
  2970 | D:4      | Reached XP level 7. HP: 23/45 MP: 7/7
  3134 | D:4      | Noticed Robin
  3213 | D:4      | Killed Robin
  3267 | D:4      | Found a runed translucent door.
  3268 | D:4      | Noticed Crazy Yiuf
  3777 | D:4      | Killed Crazy Yiuf
  3856 | D:5      | Entered Level 5 of the Dungeon
  4100 | D:5      | Reached XP level 8. HP: 9/52 MP: 8/8
  4296 | D:5      | HP: 2/78 [sky beast (6)]
  4298 | D:5      | Mangled by an iguana

Illustrated notes

Levels and vault maps discovered:
D:1:      mrwooster_arrival_statue_2, layout_rooms, serial_shops,
          nicolae_square_shop, grunt_decor_junction, serial_park_tiny_pond
D:2:      layout_loops_corners
D:3:      layout_loops_cross, mainiacjoe_overflow_24_doors,
          gup_sewer_entry_bubbles, hangedman_decor_clover_reticule
D:4:      wad_woods_stonehenge, layout_loops_ring, overflow_temple_1_default,
          serial_bayou_ford_a, st_stairs_5, minivault_4, uniq_robin,
          uniq_eustachio, uniq_crazy_yiuf_cottage
D:5:      layout_loops_cross, uniq_blork_the_orc, uniq_grinder, uniq_duvessa

Skill      XL: |  1  2  3  4  5  6  7 |
---------------+----------------------+-----
Stealth        | 1 2 3 4 |  4.8
Unarmed Combat | 4 5 |  5.9
Fighting       | 2 3 |  3.4
Dodging        | 3 4 |  4.1
Shapeshifting  | 4 |  4.4

Action                     |  1- 3 |  4- 6 |  7- 9 || total
---------------------------+-------+-------+-------++-------
  Melee: Unarmed           |    57 |   121 |    79 ||   257
         Tentacles         |    16 |    27 |    16 ||    59
         Constrict         |    16 |    30 |    13 ||    59
         Punch             |     2 |     6 |     7 ||    15
    Use: Potion            |       |     1 |     2 ||     3
   Stab: Sleeping          |    11 |    17 |     1 ||    29
         Distracted        |       |     1 |       ||     1
 Armour: Skin              |    21 |    38 |    48 ||   107
  Dodge: Dodged            |    29 |    52 |    37 ||   118

Table legend: (Time is in decaauts)
 A = Elapsed time spent in this place.
 B = Non-inter-level travel time spent in this place.
 C = Inter-level travel time spent in this place.
 D = Time resting spent in this place.
 E = Time spent auto-exploring this place.
 F = Levels seen in this place.
 G = Mean time per level.
                   A        B        C        D        E       F      G
               +--------+--------+--------+--------+--------+-----+--------+
         Total |   4293 |   4096 |    197 |    333 |   2900 |   5 |  858.6 |
       Dungeon |   4293 |   4096 |    197 |    333 |   2900 |   5 |  858.6 |
               +--------+--------+--------+--------+--------+-----+--------+

Top non-repeatable levels by time:
     D:4: 1384 daAuts
     D:2: 1037 daAuts
     D:3: 964 daAuts
     D:1: 583 daAuts
     D:5: 323 daAuts
